Map: 光與影 - 天梯版

Players

ExpecT - Winner!

  • Race: Terran Terran
  • Spawn Location: 11:00

Bistork

  • Race: Protoss Protoss
  • Spawn Location: 5:00

Event: DreamHack SC2 Masters 2020 Winter

VOD

Have the link to the VOD?

Description

Time

  • Played on: Oct. 17, 2020, 8:47 a.m.
  • Length: 13:04

All games in this series

Show
View Real Time Build Order
Export as new Build Order

ExpecT Terran - Winner!

Build Orders: Reaper Expand 

Get SALT Encoding   

  12  0:00  SCV  
  13  0:12  SCV  
  14  0:17  Supply Depot  
  14  0:24  SCV  
  15  0:38  SCV  
  15  0:40  Barracks  
  16  0:43  Refinery  
  16  0:51  SCV  
  17  1:03  SCV  
  18  1:16  SCV  
  19  1:29  Reaper  
  19  1:30  Orbital Command  
  20  1:43  Command Center  
  20  1:56  SCV  
  20  2:00  Supply Depot  
  21  2:01  Marine  
  22  2:09  Factory  
  22  2:11  SCV  
  23  2:18  Refinery  
  23  2:21  Barracks Reactor  
  23  2:25  SCV  
  24  2:37  SCV  
  25  2:50  SCV  
  25  2:53  Widow Mine  
  25  2:55  Orbital Command  
  25  2:58  Bunker, Marine x2  
  28  3:02  Starport  
  28  3:05  SCV  
  30  3:14  Widow Mine  
  30  3:16  Marine x2  
  34  3:21  SCV  
  34  3:25  SCV  
  35  3:33  SCV, Marine  
  35  3:34  Marine  
  38  3:43  Medivac  
  38  3:44  SCV  
  38  3:45  SCV, Widow Mine  
  44  3:50  Supply Depot  
  44  3:57  SCV, Marine  
  44  4:02  Barracks  
  46  4:12  SCV  
  46  4:13  SCV  
  46  4:14  Barracks  
  48  4:17  Marine  
  48  4:18  Marine  
  48  4:20  Starport Tech Lab  
  48  4:21  Factory Tech Lab  
  48  4:24  SCV  
  51  4:26  Supply Depot  
  51  4:27  SCV  
  52  4:40  Marine  
  52  4:41  Marine  
  54  4:45  Engineering Bay  
  54  4:46  Supply Depot  
  54  4:48  SCV x2  
  54  4:50  Starport Reactor, Factory Reactor  
  56  5:00  SCV x2  
  56  5:03  Marine x2  
  56  5:06  Stimpack  
  60  5:10  Marauder x2  
  60  5:12  SCV x2  
  60  5:13  Supply Depot  
  60  5:14  Terran Infantry Weapons Level 1  
  66  5:17  Refinery  
  66  5:24  SCV x2  
  66  5:26  Marine x2  
  66  5:28  Combat Shield  
  70  5:40  Marauder x2  
  74  5:44  Medivac, Marine x2  
  78  5:51  Supply Depot x2  
  78  5:52  Medivac  
  78  5:56  SCV  
  78  5:57  SCV  
  80  6:01  Supply Depot  
  80  6:10  Command Center  
  78  6:13  Marauder x2  
  78  6:14  Marine  
  78  6:15  Marine  
  84  6:19  Widow Mine x2  
  88  6:25  Medivac x2  
  88  6:30  SCV x2  
  92  6:36  Barracks  
  92  6:37  Barracks  
  92  6:42  Widow Mine x2  
  92  6:46  Marauder x2  
  92  7:03  Marine  
  92  7:04  Concussive Shells, Marine  
  92  7:05  SCV x2  
  92  7:07  Widow Mine x2  
  92  7:08  Marauder x2  
  88  7:21  Marine x2  
  85  7:22  SCV  
  85  7:23  SCV  
  85  7:26  Barracks Reactor, Barracks Tech Lab  
  85  7:28  Widow Mine x2  
  85  7:29  Marauder x2  
  94  7:35  Refinery  
  94  7:38  SCV x2  
  94  7:39  Marine x2  
  98  7:44  Orbital Command  
  98  7:47  Terran Infantry Armor Level 1  
  98  7:50  Marauder x2  
  98  7:51  Armory  
  102  7:52  Engineering Bay  
  102  7:57  Marauder, Marine x2  
  106  7:59  SCV x2  
  108  8:06  Supply Depot  
  108  8:12  Marauder x2, Marine  
  113  8:14  Widow Mine x2  
  113  8:19  Marauder  
  118  8:27  SCV  
  118  8:28  SCV  
  118  8:29  Marine x3  
  118  8:33  Marauder  
  116  8:34  Medivac x2  
  116  8:35  Widow Mine x2  
  116  8:39  SCV  
  116  8:40  SCV  
  120  8:47  SCV  
  115  8:51  SCV, Marauder x2, Marine x3  
  115  8:54  Marauder  
  123  9:01  Supply Depot  
  116  9:03  Widow Mine x2  
  116  9:04  SCV x2, Medivac x2  
  118  9:10  SCV  
  118  9:11  Marine x4  
  118  9:13  Marauder x2  
  118  9:15  Supply Depot, Marine  
  118  9:16  SCV x2  
  118  9:17  Supply Depot, Refinery  
  129  9:18  Refinery  
  129  9:27  Starport  
  129  9:29  Marine x4  
  129  9:31  Widow Mine x2  
  125  9:34  Marauder x2  
  124  9:42  Marauder  
  107  9:46  Marine x2  
  107  9:47  Viking x2, Marine  
  111  9:55  Marauder x2  
  111  9:57  SCV x2  
  111  9:58  SCV  
  114  10:04  Terran Infantry Weapons Level 2  
  114  10:06  Marauder  
  101  10:16  Marauder, Marine  
  101  10:17  Marine x3  
  101  10:19  Terran Infantry Armor Level 2  
  107  10:31  Marauder x2  
  107  10:34  Marine x3  
  107  10:35  Marine  
  115  10:38  Supply Depot, Marauder  
  121  10:48  SCV x3  
  120  10:50  Missile Turret  
  120  10:59  Command Center  
  120  11:01  Marine  
  120  11:02  Marauder x3, Marine x3  
  130  11:06  Supply Depot  
  130  11:07  Terran Ship Weapons Level 1  
  130  11:12  Viking x2  
  130  11:16  SCV x3  
  137  11:29  Marine  
  137  11:30  Marauder x3, Marine x2  
  142  11:43  Liberator x2  
  142  11:45  Starport Reactor  
  148  11:51  Marauder, Marine x2  
  148  11:52  Marauder, Marine x2  
  158  11:54  Marauder  
  158  11:59  SCV x3  
  137  12:24  Marauder x2, Marine x4  
  137  12:25  Marauder  
  139  12:33  Medivac x2  
  147  12:42  Marine x3  
Show
View Real Time Build Order
Export as new Build Order

Bistork Protoss 

Build Orders: 1 Gate Expand, Phoenix Opening, Colossus Rush 

Get SALT Encoding   

  12  0:00  Probe  
  13  0:12  Probe  
  14  0:16  Pylon  
  14  0:24  Probe (Chrono Boost)  
  16  0:36  Probe (Chrono Boost)  
  16  0:37  Gateway  
  16  0:43  Probe (Chrono Boost)  
  16  0:46  Assimilator  
  17  0:51  Probe  
  18  1:03  Probe  
  19  1:15  Probe  
  20  1:26  Cybernetics Core  
  20  1:34  Nexus  
  20  1:41  Pylon  
  20  1:45  Probe  
  21  1:52  Assimilator  
  21  1:57  Probe  
  21  2:00  Adept (Chrono Boost)  
  24  2:09  Probe  
  25  2:20  Stargate  
  25  2:21  Probe  
  26  2:24  Adept (Chrono Boost)  
  28  2:35  Probe  
  29  2:49  Probe (Chrono Boost), Adept  
  29  2:50  Probe (Chrono Boost)  
  33  2:59  Warp Gate  
  33  3:02  Probe (Chrono Boost)  
  33  3:04  Probe (Chrono Boost)  
  33  3:05  Phoenix  
  37  3:07  Probe (Chrono Boost)  
  37  3:12  Probe  
  39  3:19  Probe  
  40  3:32  Probe  
  41  3:35  Phoenix (Chrono Boost)  
  41  3:41  Probe  
  41  3:45  Probe  
  41  3:46  Assimilator  
  41  3:47  Assimilator  
  41  3:48  Robotics Facility  
  41  3:53  Probe  
  41  3:55  Pylon, Phoenix (Chrono Boost)  
  42  3:57  Probe  
  45  4:05  Probe  
  45  4:06  Pylon, Gateway  
  46  4:13  Probe, Shield Battery  
  46  4:16  Phoenix (Chrono Boost)  
  47  4:17  Probe  
  50  4:25  Probe  
  50  4:26  Pylon  
  50  4:30  Probe  
  52  4:37  Probe  
  51  4:41  Robotics Bay  
  51  4:42  Probe  
  51  4:43  Phoenix  
  54  4:49  Probe  
  55  4:54  Probe  
  55  4:57  Immortal (Chrono Boost)  
  60  5:00  Sentry, Zealot  
  60  5:01  Probe  
  65  5:16  Pylon  
  65  5:22  Nexus  
  65  5:33  Colossus (Chrono Boost)  
  69  5:45  Stalker x2  
  69  6:11  Probe x2, Phoenix  
  71  6:17  Extended Thermal Lance  
  73  6:22  Pylon  
  73  6:23  Colossus (Chrono Boost)  
  78  6:36  Zealot x2  
  82  6:40  Gateway  
  82  6:44  Gateway  
  76  7:00  Stalker x2  
  70  7:05  Colossus (Chrono Boost)  
  72  7:13  Probe  
  73  7:16  Phoenix  
  73  7:21  Probe  
  76  7:24  Forge  
  76  7:25  Probe  
  77  7:33  Probe  
  77  7:36  Sentry x2  
  82  7:37  Probe, Gateway  
  82  7:38  Probe  
  82  7:40  Gateway  
  82  7:42  Shield Battery  
  84  7:45  Probe  
  84  7:49  Probe, Twilight Council  
  86  7:52  Observer (Chrono Boost)  
  86  7:54  Probe  
  86  7:55  Protoss Ground Weapons Level 1  
  86  7:57  Probe  
  89  7:58  Pylon  
  89  8:00  Zealot  
  91  8:08  Probe  
  91  8:10  Probe, Photon Cannon  
  91  8:11  Probe  
  94  8:14  Pylon  
  94  8:19  Zealot x3  
  99  8:20  Zealot  
  76  8:36  Stalker x2  
  77  8:43  Zealot x4  
  72  9:03  Probe  
  72  9:04  Probe, Observer (Chrono Boost)  
  73  9:13  Stalker x5  
  73  9:15  Sentry  
  75  9:48  Stalker x4  
  75  9:50  Warp Prism (Chrono Boost)  
  85  10:03  Charge (Chrono Boost)  
  67  10:09  Probe (Chrono Boost)  
  67  10:10  Probe x2 (Chrono Boost), Observer  
  68  10:17  Pylon  
  71  10:22  Probe x2 (Chrono Boost)  
  71  10:23  Probe (Chrono Boost)  
  71  10:28  Probe x2 (Chrono Boost)  
  71  10:34  Disruptor (Chrono Boost)  
  76  10:42  Zealot x3  
  76  10:43  Zealot x3  
  88  10:54  Protoss Ground Armor Level 1 (Chrono Boost)  
  88  10:58  Gateway  
  88  11:01  Gateway  
  88  11:02  Disruptor  
  89  11:07  Zealot x5  
  99  11:22  Stalker  
  94  11:29  Zealot x3  
  88  11:35  Stalker x2  
  88  11:38  Probe x2  
  94  11:42  Probe  
  94  11:45  Zealot  
  97  11:50  Probe  
  97  11:51  Probe  
  99  11:56  Probe (Chrono Boost)  
  99  11:58  Disruptor (Chrono Boost)  
  100  12:03  Probe (Chrono Boost)  
  102  12:08  Probe (Chrono Boost)  
  102  12:12  Probe (Chrono Boost)  
  89  12:16  Zealot x5  
  89  12:18  Zealot  
  86  12:23  Zealot  
  86  12:24  Zealot  
  78  12:33  Observer (Chrono Boost)  
  78  12:36  Zealot x3  
  77  12:38  Sentry x2  
  79  12:45  Photon Cannon  
  79  12:50  Shield Battery  
  72  13:00  Zealot x5  
Tags
 
Add a new tag
Caveats
  • Supply blocks, unpowered buildings, or Contaminate may cause inaccurate times.
  • Supply counts are checked every 10 seconds.